 Dungeon Crawl Stone Soup version 0.29-a0-885-gb26ba3297d (webtiles) character file.

Game seed: 17912333068344866045

7 trckry the Sneak (level 1, -2/10 HPs)
             Began as a Felid Delver on July 21, 2022.
             Shot with a sling bullet by a kobold (6 damage)
             ... on level 3 of the Dungeon.
             The game lasted 00:02:38 (293 turns).

trckry the Sneak (Felid Delver)                      Turns: 293, Time: 00:02:39

Health: -2/10      AC:  1    Str:  8    XL:     1   Next: 91%
Magic:  2/2        EV: 17    Int: 11    God:
Gold:   37         SH:  0    Dex: 17    Spells: 0/0 levels left
                                        Lives:  0   Deaths: 0

rFire   . . .      SeeInvis +     - Unarmed
rCold   . . .      Faith    .   (shield unavailable)
rNeg    . . .      Spirit   .   (body armour unavailable)
rPois   .          Reflect  .   (helmet unavailable)
rElec   .          Harm     .   (cloak unavailable)
rCorr   .          Rampage  .   (gloves unavailable)
Will    .....                   (boots unavailable)
Stlth   ++++......              (no amulet)
HPRegen 0.03/turn               (no ring)
MPRegen 0.08/turn               (no ring)

@: quick
A: very small, claws 1, fangs 3, see invisible, speed 1, shaggy fur 1, stealthy
paws, no weapons or thrown items, no armour, multi-lived
a: no special abilities


You were on level 3 of the Dungeon.
You visited 1 branch of the dungeon, and saw 3 of its levels.

You collected 37 gold pieces.

Inventory:

Jewellery
 f - a +6 ring of dexterity
Wands
 e - a wand of digging (3)
Scrolls
 a - a scroll of fog
 b - a scroll of magic mapping
 c - a scroll of fear
 g - a scroll of enchant weapon {unknown}
 h - a scroll of identify {unknown}
Potions
 d - a potion of haste
 i - a potion of lignification {unknown}


   Skills:
 + Level 3.1 Fighting
 + Level 2.9 Dodging
 + Level 6.7 Stealth
 * Level 2.3 Unarmed Combat


You couldn't memorise any spells.
You didn't know any spells.
Your spell library was empty.

Dungeon Overview and Level Annotations

Branches:
Dungeon (5/15) Zot: 17755  Temple (0/1) D:5

Altars:


Innate Abilities, Weirdness & Mutations

You have sharp claws.
You have razor-sharp teeth.
You have supernaturally acute eyesight. (SInv)
You cover ground quickly. (Speed+)
You are covered in fur. (AC +1)
Your paws help you pounce on unaware monsters.
You are incapable of wielding weapons or throwing items.
You cannot wear armour.
You gain extra lives every three experience levels.


Message History

You now have 37 gold pieces (gained 12).
Found a fuming purple potion.
Found a ring mail.
i - a fuming purple potion
Found a flail.
Found a stone staircase leading down. 2 hobgoblins come into view.
The hobgoblin shouts! x2
The hobgoblin hits you.
You take 4 damage, and have 6/10 hp.
MASSIVE DAMAGE!!
You scratch the hobgoblin.
You kill the hobgoblin!
You scratch the hobgoblin.
The hobgoblin is severely wounded.
The hobgoblin hits you.
You take 1 damage, and have 5/10 hp.
You scratch the hobgoblin but do no damage.
The hobgoblin is severely wounded.
The hobgoblin hits you.
* * * LOW HITPOINT WARNING * * *
You take 3 damage, and have 2/10 hp.
MASSIVE DAMAGE!!
An endoplasm comes into view.
Found a stone staircase leading up.
The endoplasm moves out of view.
Things that are here:
a +0 hand axe; an orc corpse You see here a ball python corpse.
You start resting.
A kobold comes into view. It is wielding a +0 sling.
You start resting.
A hobgoblin is nearby!
You see here a ball python corpse.
The hobgoblin shouts!
You scratch the hobgoblin.
You kill the hobgoblin!
You hear a shout!
You start resting.
A kobold is nearby!
The kobold shoots a sling bullet.
The sling bullet hits you.
Ouch! That really hurt!
You die...

#.####.##)########
#.##......#
#.##.#.########
#.##.#.# ##...##
#......###.....#.#
##.#.#.##.........
#.#......>...).J#
#.###K##........#
#.@†..###.....#..
####### ##..o##
####


You could see a kobold.

Vanquished Creatures
  An orc (D:3)
  A ball python (D:3)
  2 hobgoblins (D:3)
  A kobold (D:4)
5 creatures vanquished.

Notes
Turn   | Place    | Note
-------+----------+-------------------------------------------
     0 | D:5      | trckry the Felid Delver began the quest for the Orb.
     0 | D:5      | Reached XP level 1. HP: 10/10 MP: 2/2
     7 | D:5      | Found a staircase to the Ecumenical Temple.
     7 | D:5      | Noticed a jelly
    35 | D:5      | Noticed a howler monkey
   114 | D:4      | Noticed an iguana
   118 | D:4      | Noticed an ogre
   293 | D:3      | Shot with a sling bullet by a kobold

Illustrated notes

Levels and vault maps discovered:
D:3:      layout_loops_cross
D:4:      layout_rooms
D:5:      layout_gridville, minmay_temple_entry_stoned_glass,
          minmay_statues_item, uniq_sigmund

Action                   || total
-------------------------++-------
Melee: Unarmed           ||    10
 Stab: Sleeping          ||     1
Armor: Skin              ||     1
Dodge: Dodged            ||     8

Table legend: (Time is in decaauts)
 A = Elapsed time spent in this place.
 B = Non-inter-level travel time spent in this place.
 C = Inter-level travel time spent in this place.
 D = Time resting spent in this place.
 E = Time spent auto-exploring this place.
 F = Levels seen in this place.
 G = Mean time per level.
                   A        B        C        D        E       F      G
               +--------+--------+--------+--------+--------+-----+--------+
         Total |    243 |    243 |      0 |     26 |      0 |   3 |   81.0 |
       Dungeon |    243 |    243 |      0 |     26 |      0 |   3 |   81.0 |
               +--------+--------+--------+--------+--------+-----+--------+

Top non-repeatable levels by time:
     D:3: 135 daAuts
     D:5: 58 daAuts
     D:4: 50 daAuts
